 Dungeon Crawl Stone Soup version 0.31-a0-180-g519b7de00c (webtiles) character file.

Game seed: 2874937482852585964

11412 archydragon the Cleaver (level 11, -1/104 HPs)
             Began as a Minotaur Fighter on June 19, 2023.
             Was an Elder of Okawaru.
             Slain by a cane toad (16 damage)
             ... on level 1 of the Lair of Beasts.
             The game lasted 00:31:23 (11704 turns).

archydragon the Cleaver (Minotaur Fighter)         Turns: 11704, Time: 00:31:23

Health: -1/104     AC: 18    Str: 26    XL:     11   Next: 49%
Magic:  9/10       EV:  9    Int:  5    God:    Okawaru [****..]
Gold:   518        SH:  9    Dex:  9    Spells: 10/10 levels left

rFire   . . .        a - +0 war axe
rCold   . . .        E - +0 kite shield
rNeg    . . .        C - +3 chain mail
rPois   .            (helmet restricted)
rElec   .            (no cloak)
rCorr   .            d - +1 pair of gloves
SInv    .            n - +0 pair of boots
Will    .....        (no amulet) Stlth
                     (no ring)
HPRegen 0.37/turn    (no ring)
MPRegen 0.12/turn

%: no passive effects
@: no status effects
A: horns 2, retaliatory headbutt
a: Renounce Religion, Heroism, Finesse


You were on level 1 of the Lair of Beasts.
You worshipped Okawaru.
Okawaru was greatly pleased with you.
You visited 3 branches of the dungeon, and saw 12 of its levels.
You also visited: Sewer.

You collected 700 gold pieces.
You spent 182 gold pieces at shops.

Inventory:

Hand Weapons
 a - a +0 war axe (weapon)
 c - a +5 hand axe
 w - a +1 hand axe of flaming
Missiles
 b - 3 curare-tipped darts
 e - 42 poisoned darts (quivered)
 i - 143 stones
 r - 4 atropa-tipped darts
 x - 4 boomerangs
 F - 4 javelins
Armour
 d - a +1 pair of gloves (worn)
 n - a +0 pair of boots (worn)
 C - a +3 chain mail (worn)
 E - a +0 kite shield (worn)
Wands
 j - a wand of polymorph (9)
 q - a wand of flame (35)
Scrolls
 f - 10 scrolls of teleportation
 k - a scroll of blinking
 s - a scroll of fog
 u - 2 scrolls of fear
 y - a scroll of amnesia
Potions
 g - 3 potions of curing
 h - 2 potions of haste
 l - 2 potions of heal wounds
 m - a potion of resistance
 o - a potion of cancellation
 t - a potion of berserk rage
 v - 5 potions of enlightenment
 z - 2 potions of might
 A - a potion of mutation {unknown}
 B - a potion of attraction {unknown}
 D - a potion of brilliance


   Skills:
 * Level 12.0 Fighting
 + Level 12.3 Axes
 + Level 7.3 Throwing
 + Level 9.5 Armour
 + Level 2.9 Dodging
 + Level 7.2 Shields


You had 10 spell levels left.
You didn't know any spells.
Your spell library contained the following spells:

 Spells                   Type           Power      Damage    Failure   Level
 Apportation              Tloc           0%         N/A       98%         1
 Magic Dart               Conj           0%         1d3       98%         1
 Blink                    Tloc           0%         N/A       99%         2
 Dazzling Flash           Conj/Hex       0%         N/A       100%        3
 Mephitic Cloud           Conj/Pois/Air  0%         N/A       100%        3
 Portal Projectile        Hex/Tloc       0%         N/A       100%        3
 Volatile Blastmotes      Fire/Tloc      0%         2d10      100%        3
 Cause Fear               Hex            0%         N/A       100%        4
 Iskenderun's Mystic Bla  Conj/Tloc      0%         2d3       100%        4
 Leda's Liquefaction      Hex/Erth       0%         N/A       100%        4
 Manifold Assault         Tloc           0%         N/A       100%        4
 Alistair's Intoxication  Tmut/Pois      0%         N/A       100%        5
 Starburst                Conj/Fire      0%         6d3       100%        6
 Dragon Form              Tmut           0%         N/A       100%        7
 Storm Form               Tmut/Air       0%         N/A       100%        7
 Call Imp                 Summ           Unusable   N/A       N/A         2
 Call Canine Familiar     Summ           Unusable   N/A       N/A         3
 Animate Dead             Necr           Unusable   N/A       N/A         4
 Haunt                    Necr/Summ      Unusable   N/A       N/A         7
 Infestation              Necr           Unusable   N/A       N/A         8
 Dragon's Call            Summ           Unusable   N/A       N/A         9

Dungeon Overview and Level Annotations

Branches:
Dungeon (10/15)            Temple (1/1) D:7            Lair (1/5) D:10
    Orc (0/2) D:9           Sewer (visited)

Altars:
Cheibriados
Elyvilon
Fedhas
Hepliaklqana
Kikubaaqudgha
Makhleb
Okawaru
Ru
Trog
Vehumet
Yredelemnul

Shops:
D:1 *   D:4 (   D:8 *

Annotations:
D:5 1 runed translucent door, Crazy Yiuf


Innate Abilities, Weirdness & Mutations

You have a pair of horns on your head.
You reflexively headbutt those who attack you in melee.


Message History

You feel very sick. You block the cane toad's attack.
The yak gores you but does no damage. The yak barely misses you.
You furiously retaliate!
You headbutt the yak. The yak gores you.
* * * LOW HITPOINT WARNING * * *
The yak gores you but does no damage.
You feel better. The cane toad stings you!
* * * LOW HITPOINT WARNING * * *
The yak gores you but does no damage. The yak misses you.
You block the yak's attack. The yak gores you but does no damage.
You slice the yak!! Your headbutt misses the yak.
The yak is almost dead.
You hit the yak but do no damage. You slash the yak! You hit the yak.
You kill the yak!
Okawaru accepts your kill.
You hit the cane toad.
The cane toad stings you but does no damage.
You block the yak's attack.
The yak gores you but does no damage. x2
You slash the yak!
You kill the yak!
Okawaru accepts your kill.
You barely miss the yak. You slash the yak! You slash the cane toad!
You kill the cane toad!
Okawaru accepts your kill.
Your base Fighting skill increases to level 12!
You barely miss the yak. You headbutt the yak, but do no damage.
The yak is severely wounded.
You slash the yak!
You kill the yak!
Okawaru accepts your kill.
You hit the cane toad. The cane toad stings you!
* * * LOW HITPOINT WARNING * * *
The yak misses you. You furiously retaliate!
You headbutt the yak!
You kill the yak!
Okawaru accepts your kill.
You hit the cane toad but do no damage. You headbutt the cane toad!
The cane toad is heavily wounded.
You feel like a meek peon again. The cane toad stings you!
You die...

.#).#### ....#.P###.
..... ..........
..... #.....(.
......#....(. ...
......#....#
###..#...).>..#.F..#
.....+.........†@..#
...............†...#
....... ..(..#....##
.....##########....P#
....................#
...................##
.###....#.P#P......#
.......### ##......#.
...#...# #†.......


You could see a cane toad.

Vanquished Creatures
  2 two-headed ogres
  Pikel (D:4)
  A cyclops (D:10)
  A cane toad (Lair:1)
  A komodo dragon (Lair:1)
  A troll (D:9)
  Grinder (D:5)
  A hornet (D:9)
  3 wyverns
  23 yaks
  A steam dragon (D:9)
  3 vampire mosquitoes (D:10)
  Edmund (D:6)
  An acid dragon (D:10)
  3 orc warriors
  2 sky beasts
  An ice beast (D:6)
  2 centaurs (D:9)
  An ogre (D:6)
  A lemure (D:4)
  A phantom (D:5)
  4 bullfrogs
  3 kobold brigands
  2 gnoll sergeants
  Blork the orc (D:5)
  3 scorpions
  14 wights
  6 killer bees (D:10)
  2 howler monkeys (D:10)
  3 jellies
  2 hounds
  An orc priest (D:5)
  A sleepcap (D:6)
  An iguana (D:7)
  16 orc wizards
  Robin (D:3)
  12 gnolls
  9 adders
  2 river rats (Sewer)
  3 shadow imps
  A worm (D:3)
  2 dart slugs
  40 orcs
  9 endoplasms
  4 giant cockroaches
  14 goblins
  15 hobgoblins
  3 jackals
  33 kobolds
  5 quokkas
  3 training dummies (D:4)
  8 ball pythons
  2 bats
  3 frilled lizards
  10 rats
290 creatures vanquished.

Notes
Turn   | Place    | Note
-------+----------+-------------------------------------------
     0 | D:1      | archydragon the Minotaur Fighter began the quest for the
                  | Orb.
     0 | D:1      | Reached XP level 1. HP: 19/19 MP: 0/0
   320 | D:1      | Reached XP level 2. HP: 27/27 MP: 1/1
   837 | D:1      | Found Irchaez's General Store.
   840 | D:1      | Bought 5 poisoned darts for 42 gold pieces
  1088 | D:2      | Reached XP level 3. HP: 33/33 MP: 2/2
  1573 | D:2      | Reached XP level 4. HP: 32/41 MP: 3/3
  1690 | D:3      | Reached skill level 1 in Throwing
  1703 | D:3      | Found a white marble altar of Elyvilon.
  1729 | D:3      | Reached XP level 5. HP: 47/47 MP: 4/4
  1778 | D:3      | Found a burning altar of Makhleb.
  1853 | D:3      | Found a faded altar of an unknown god.
  1883 | D:3      | Noticed Robin
  1893 | D:3      | Killed Robin
  2131 | D:3      | Reached skill level 1 in Dodging
  2609 | D:1      | Bought a potion of haste for 140 gold pieces
  2691 | D:4      | Reached skill level 5 in Axes
  2754 | D:4      | Reached XP level 6. HP: 50/55 MP: 5/5
  2823 | D:4      | Found a glowing drain.
  2853 | Sewer    | Entered a sewer
  2937 | Sewer    | Reached skill level 5 in Fighting
  3009 | Sewer    | Found a white marble altar of Elyvilon.
  3183 | D:4      | Reached skill level 5 in Armour
  3326 | D:4      | Noticed Pikel
  3342 | D:4      | Killed Pikel
  3343 | D:4      | Reached XP level 7. HP: 23/64 MP: 6/6
  3642 | D:4      | Found a hazy altar of Hepliaklqana.
  3708 | D:4      | Found Esinimac's Firing Range.
  3829 | D:4      | Found the +5 robe of Misfortune {Harm *Corrode *Slow EV+5}
  4019 | D:4      | Reached XP level 8. HP: 57/71 MP: 7/7
  4291 | D:5      | Entered Level 5 of the Dungeon
  4376 | D:5      | Found a bloodstained altar of Trog.
  4462 | D:5      | Noticed Blork the orc
  4617 | D:5      | Noticed Grinder
  4630 | D:5      | Killed Grinder
  4925 | D:5      | Killed Blork the orc
  5072 | D:5      | Found a basalt altar of Yredelemnul.
  5207 | D:5      | Found a runed translucent door.
  5208 | D:5      | Noticed Crazy Yiuf
  6210 | D:6      | Noticed Edmund
  6220 | D:6      | Killed Edmund
  6221 | D:6      | Reached XP level 9. HP: 35/81 MP: 8/8
  6681 | D:7      | Found a staircase to the Ecumenical Temple.
  6690 | Temple   | Entered the Ecumenical Temple
  6695 | Temple   | Became a worshipper of Warmaster Okawaru
  7195 | D:7      | Reached skill level 5 in Shields
  7461 | D:8      | Found a radiant altar of Vehumet.
  8480 | D:8      | Reached * piety under Okawaru
  8484 | D:8      | Reached skill level 10 in Axes
  8597 | D:8      | Found Biqo's Gadget Gallery.
  8751 | D:8      | Reached skill level 5 in Throwing
  8753 | D:8      | Reached ** piety under Okawaru
  8764 | D:8      | Reached XP level 10. HP: 55/92 MP: 9/9
  9241 | D:9      | Reached skill level 10 in Fighting
  9279 | D:9      | Found a snail-covered altar of Cheibriados.
  9652 | D:9      | Reached *** piety under Okawaru
 10194 | D:9      | Noticed a two-headed ogre
 10201 | D:9      | Killed a two-headed ogre
 10392 | D:9      | Found a staircase to the Orcish Mines.
 10590 | D:10     | Entered Level 10 of the Dungeon
 10625 | D:10     | Received a gift from Okawaru
 10655 | D:10     | Reached XP level 11. HP: 75/102 MP: 10/10
 10776 | D:10     | Reached **** piety under Okawaru
 10788 | D:10     | Received a gift from Okawaru
 11037 | D:10     | Received a gift from Okawaru
 11076 | D:10     | Noticed a two-headed ogre
 11090 | D:10     | Killed a two-headed ogre
 11326 | D:10     | Found a staircase to the Lair.
 11333 | D:10     | Identified the +4 quarterstaff of Sutamoe {vamp, +Blink}
 11631 | Lair:1   | Entered Level 1 of the Lair of Beasts
 11704 | Lair:1   | Slain by a cane toad

Illustrated notes

Levels and vault maps discovered:
D:1:      shiori_arrival_elements, layout_basic, serial_shops,
          nicolae_shop_window_shopping, serial_park_tiny_2,
          dreamdust_princess_corridor
D:2:      layout_basic
D:3:      layout_loops_ring, elyvilon_altar_3, bloody_makhleb,
          basic_ecumenical_altar, minmay_misc_feat_diagonals, uniq_robin
D:4:      corexii_shantytown, layout_gridville,
          nicolae_hepliaklqana_hazy_memory, portal_sewer_entry_d,
          minmay_misc_feat_encased, nicolae_shop_firing_range, uniq_pikel
D:5:      layout_basic, amcnicky_altar_gilded, trog_three_pillars_becter,
          enter_ossuary_1, serial_aquarium, aquarium_bridge_long_joined
          [aquarium_subvault_window, aquarium_subvault_wall,
          aquarium_subvault_wall, aquarium_subvault_bridge,
          aquarium_subvault_bridge, aquarium_subvault_balcony],
          aquarium_bridge_square [aquarium_subvault_wall,
          aquarium_subvault_bridge, aquarium_subvault_bridge,
          aquarium_subvault_wall], aquarium_window_corridor_1,
          aquarium_window_2, aquarium_view_2g, aquarium_view_2e,
          aquarium_balcony_double_3, minmay_strange_pillars,
          uniq_crazy_yiuf_cottage, uniq_grinder, uniq_blork_the_orc
D:6:      layout_loops_ring, minivault_27, uniq_edmund
D:7:      layout_basic, minmay_temple_entry_antechambers, minivault_5
D:8:      layout_basic, mainiacjoe_overflow_cross_hatched, nicolae_shop_gadgets
D:9:      layout_roguey, kennysheep_slug_shrine, orc_0_dummy
D:10:     layout_basic, lair_entry_dummy
Temple:   nicolae_temple_bog_church
Lair:1:   layout_chaotic_city

Skill      XL: |  1  2  3  4  5  6  7  8  9 10 11 |
---------------+----------------------------------+-----
Fighting       | 4 6 8 9 11 12 | 12.0
Armour         | 4 5 6 7 9 |  9.5
Axes           | 3 4 5 6 7 8 10 11 12 | 12.3
Shields        | 4 5 6 7 |  7.2
Throwing       | 1 2 3 5 6 7 |  7.3
Dodging        | 1 2 |  2.9

Action                     |  1- 3 |  4- 6 |  7- 9 | 10-12 || total
---------------------------+-------+-------+-------+-------++-------
  Melee: War axe           |    68 |   148 |   278 |   232 ||   726
         Headbutt          |     9 |    20 |    54 |    57 ||   140
  Throw: Stone             |    13 |       |       |       ||    13
         Dart              |    25 |    25 |     1 |    17 ||    68
         Javelin           |       |       |    27 |     6 ||    33
         Boomerang         |       |       |    51 |    50 ||   101
 Invoke: Heroism           |       |       |       |     1 ||     1
    Use: Scroll            |     1 |     5 |     6 |     5 ||    17
         Potion            |       |     4 |     2 |     1 ||     7
 Armour: Scale mail        |    32 |    63 |     4 |       ||    99
         Chain mail        |       |       |   108 |   133 ||   241
  Dodge: Dodged            |    25 |    70 |    90 |    79 ||   264
  Block: Buckler           |    15 |    34 |    35 |       ||    84
         Kite shield       |       |       |    26 |   114 ||   140

Table legend: (Time is in decaauts)
 A = Elapsed time spent in this place.
 B = Non-inter-level travel time spent in this place.
 C = Inter-level travel time spent in this place.
 D = Time resting spent in this place.
 E = Time spent auto-exploring this place.
 F = Levels seen in this place.
 G = Mean time per level.
                   A        B        C        D        E       F      G
               +--------+--------+--------+--------+--------+-----+--------+
         Total |  11888 |  11428 |    460 |   3172 |   6065 |  13 |  914.5 |
       Dungeon |  11527 |  11068 |    459 |   3172 |   5860 |  10 | 1152.7 |
        Temple |     17 |     17 |      0 |      0 |      0 |   1 |   17.0 |
          Lair |     70 |     70 |      0 |      0 |     29 |   1 |   70.0 |
         Sewer |    273 |    273 |      0 |      0 |    175 |   1 |  273.0 |
               +--------+--------+--------+--------+--------+-----+--------+

Top non-repeatable levels by time:
     D:9: 1491 daAuts
     D:4: 1432 daAuts
     D:7: 1381 daAuts
     D:5: 1244 daAuts
     D:8: 1110 daAuts
     D:6: 1099 daAuts
     D:1: 1083 daAuts
    D:10: 1041 daAuts
     D:3: 1000 daAuts
     D:2: 644 daAuts
   Sewer: 273 daAuts
  Lair:1: 70 daAuts
  Temple: 17 daAuts
